[Event "Late-Titled-Tuesday-Blitz-June-18-2024"]
[Site "Chess.com"]
[Date "2024.06.18"]
[Round "1"]
[White "Roachelley"]
[Black "AungTZ"]
[Result "1-0"]
[WhiteElo "2544"]
[BlackElo "1975"]
[TimeControl "180+1"]
[EndTime "14:06:39 PDT"]
[Termination "Roachelley won on time"]

1. Nf3 d5 2. e3 c5 3. b3 Nc6 4. Bb2 e6 5. Be2 Nf6 6. O-O Be7 7. d4 O-O 8. Nbd2 b6 9. c4 Bb7 10.
cxd5 exd5 11. Rc1 Rc8 12. dxc5 bxc5 13. Bb5 Qa5 14. a4 a6 15. Bxc6 Bxc6 16. Ne5 Ba8 17. Bc3 Qb6 18. Ng4 Rfd8 19. Nxf6+ Bxf6 20. Qg4 Rc6 21. f3 Bxc3 22. Rxc3 d4 23. Rd3 dxe3 24. Nc4 Qb8 25. Rxe3 Rg6 26. Qf5 Bd5 27. Rfe1 Be6 28. Qxc5 Rh6 29. g3 Rg6 30. Ne5 Rf6 31. Nc6 Qd6 32.
Qc3 Re8 33. b4 h5 34. b5 axb5 35. axb5 h4 36. Qe5 Qd2 37. Qd4 Qa2 38. Qxh4 Qb2 39. Qg5 Rf5 40. Ne7+ Rxe7 41. Qxe7 Qxb5 42. Qd8+ Kh7 43. Qd3 g6 44. Qxb5 Rxb5 45. Rc3 Rb2 46. Rc7 Kg7 47. Rxe6 1-0

[Event "Late-Titled-Tuesday-Blitz-June-18-2024"]
[Site "Chess.com"]
[Date "2024.06.18"]
[Round "1"]
[White "Romkachess"]
[Black "moro182"]
[Result "0-1"]
[WhiteElo "2495"]
[BlackElo "2919"]
[TimeControl "180+1"]
[EndTime "14:06:41 PDT"]
[Termination "moro182 won by resignation"]

1. e4 g6 2. d4 Bg7 3. Nc3 a6 4. h4 h5 5. Be3 b5 6. Nf3 Bb7 7. Bd3 d6 8. a4 b4 9. Ne2 Nf6 10. Ng3 Ng4 11. Bg5 c5 12. Qd2 Nc6 13. c3 bxc3 14.
bxc3 cxd4 15. cxd4 O-O 16. Bc4 Qa5 17. Qxa5 Nxa5 18.
Bd3 Rfe8 19. Rb1 Rab8 20. Ke2 Bc6 21. Bxa6 Bxa4 22. Bd3 Nb3 23. Be3 Rec8 24. Nf1 Nxe3 25. Kxe3 Bh6+ 26. Ng5 f6 27. f4 fxg5 28. hxg5 Bg7 29.
g4 Bxd4+ 30. Kf3 hxg4+ 31. Kxg4 Bd7+ 32. f5 Kg7 33. Rh6 gxf5+ 34. exf5 d5 35. Rg6+ Kf8 36. Ng3 Nc5 37. Rh1 Nxd3 38. Rh8+ Bxh8 39. Rh6 Bg7 40. Rh7 Rb4+ 41. Kh5 Nf4+ 0-1

[Event "Late-Titled-Tuesday-Blitz-June-18-2024"]
[Site "Chess.com"]
[Date "2024.06.18"]
[Round "1"]
[White "miraitrunks"]
[Black "newyorkmouse"]
[Result "0-1"]
[WhiteElo "2179"]
[BlackElo "2579"]
[TimeControl "180+1"]
[EndTime "14:06:42 PDT"]
[Termination "newyorkmouse won by checkmate"]

1. e4 c5 2. Nf3 d6 3. d4 cxd4 4. Nxd4 Nf6 5. Nc3 a6 6. Qf3 Bd7 7. Bg5 e6 8. O-O-O Nc6 9. e5 Nxe5 10. Qxb7 Be7 11. f4 Neg4 12. Nc6 Qc8 13. Qxc8+ Rxc8 14. Nxe7 Kxe7 15. Bxf6+ gxf6 16. Rd2 a5 17. h3 Ne3 18. Bb5 Rxc3 19. Bxd7 Rc4 20. Bb5 Rxf4 21. Re1 Nf5 22. Red1 d5 23. Re1 Rc8 24. Rxd5 Nd4 25. Rd7+ Kf8 26. Bd3 Nc6 27. Bxh7 f5 28. g4 Nb4 29. gxf5 Rxc2+ 30. Kb1 Rff2 31. fxe6 Rce2 32. e7+ Ke8 33. Rdd1 Rxb2+ 34. Ka1 Rxa2+ 35. Kb1 Rab2+ 36. Kc1 Na2# 0-1

[Event "Late-Titled-Tuesday-Blitz-June-18-2024"]
[Site "Chess.com"]
[Date "2024.06.18"]
[Round "1"]
[White "fly_21"]
[Black "yuriydovzik"]
[Result "1-0"]
[WhiteElo "2574"]
[BlackElo "2161"]
[TimeControl "180+1"]
[EndTime "14:06:43 PDT"]
[Termination "fly_21 won on time"]

1. d4 Nf6 2. c4 e6 3. g3 Bb4+ 4. Bd2 Bxd2+ 5. Qxd2 d5 6. Nf3 O-O 7.
Bg2 Ne4 8. Qc2 c6 9. O-O f5 10. e3 Bd7 11. Nbd2 Be8 12. Ne5 Nd7 13. Nd3 Rc8 14. Nf3 Bh5 15. Nfe5 Nxe5 16. Nxe5 Nd6 17. Rac1 Nf7 18. Nd3 Nd6 19. c5 Ne4 20. b4 a6 21. a4 Ra8 22. Ne5 Qc7 23. Qb2 Rfb8 24. f3 Nf6 25. Nd3 Be8 26. Rce1 Rd8 27. Nf4 Bf7 28. Nd3 Be8 29. Nf4 Bf7 30. b5 axb5 31. axb5 Ra5 32. b6 Qd7 33. Nd3 Rda8 34. Ra1 Qc8 35. Qc3 1-0

[Event "Late-Titled-Tuesday-Blitz-June-18-2024"]
[Site "Chess.com"]
[Date "2024.06.18"]
[Round "1"]
[White "dianamirza"]
[Black "zverr1"]
[Result "0-1"]
[WhiteElo "1783"]
[BlackElo "2537"]
[TimeControl "180+1"]
[EndTime "14:06:43 PDT"]
[Termination "zverr1 won by resignation"]

1. d4 Nf6 2. c4 g6 3. Nc3 d5 4. Nf3 Bg7 5. e3 O-O 6. Be2 c5 7. O-O cxd4 8. exd4 Nc6 9. cxd5 Nxd5 10. Nxd5 Qxd5 11.
Be3 Be6 12. Ng5 Nxd4 13. Nxe6 Nxe2+ 14. Qxe2 Qxe6 15. Rac1 b6 16. Qb5 Qxa2 17. Rc7 Qxb2 18. Qd7 Qe5 19. Rxa7 Rxa7 20. Qxa7 b5 21. h4 b4 22. Bc5 b3 23. Bxe7 Re8 24. Bb4 b2 25. Qa2 Qf4 26. g3 Qxb4 27. Rb1 Re1+ 28. Kg2 Qe4+ 0-1

[Event "Late-Titled-Tuesday-Blitz-June-18-2024"]
[Site "Chess.com"]
[Date "2024.06.18"]
[Round "1"]
[White "hoshiboshi"]
[Black "Sic_Transit_GM"]
[Result "1-0"]
[WhiteElo "2199"]
[BlackElo "2557"]
[TimeControl "180+1"]
[EndTime "14:06:45 PDT"]
[Termination "hoshiboshi won by resignation"]

1. e4 e5 2. Nf3 Nc6 3. Bb5 a6 4. Ba4 Nf6 5. O-O Bc5 6. c3 b5 7. Bc2 d5 8. exd5 Qxd5 9. b4 Bb6 10. a4 Bg4 11. axb5 Ne7 12. d3 axb5 13. Bb3 Rxa1 14. Bxd5 Nexd5 15. Bb2 Ra8 16. h3 Bxf3 17. Qxf3 O-O 18.
Nd2 Ra2 19. Rb1 Rd8 20. Ne4 Nxe4 21. Qxe4 Nf4 22. d4 h6 23. dxe5 Nd3 24. Rd1 Rxb2 25. Rxd3 Rxd3 26. Qxd3 Rxf2 27. Kh2 g6 28. e6 Kg7 29. e7 1-0

[Event "Late-Titled-Tuesday-Blitz-June-18-2024"]
[Site "Chess.com"]
[Date "2024.06.18"]
[Round "1"]
[White "olawsson"]
[Black "Gangster-accountant01"]
[Result "0-1"]
[WhiteElo "2144"]
[BlackElo "2568"]
[TimeControl "180+1"]
[EndTime "14:06:46 PDT"]
[Termination "Gangster-accountant01 won by checkmate"]

1. d4 d5 2. c4 dxc4 3. Nf3 Nf6 4. e3 e6 5. Bxc4 c5 6. O-O Nc6 7. Qe2 a6 8. a4 b6 9. Rd1 Qc7 10. Nc3 Bb7 11. b3 Be7 12. Bb2 O-O 13. dxc5 Bxc5 14. Rac1 Rfd8 15. h3 Na5 16. Rxd8+ Rxd8 17. Bxa6 Nxb3 18.
Rb1 Bxf3 19. gxf3 Rd2 20. Qc4 Na5 21. Qb5 Bxe3 22. Ne4 Bxf2+ 23. Kf1 Rd5 24. Nxf6+ gxf6 25. Qe8+ Kg7 26. Kxf2 Qc2+ 27. Be2 Qxb1 28. Bxf6+ Kxf6 29. Qh8+ Ke7 30. Qxh7 Rg5 31. Qh4 Qg1# 0-1

[Event "Late-Titled-Tuesday-Blitz-June-18-2024"]
[Site "Chess.com"]
[Date "2024.06.18"]
[Round "1"]
[White "egnfanclub"]
[Black "crazy_but_lazy"]
[Result "0-1"]
[WhiteElo "2356"]
[BlackElo "2659"]
[TimeControl "180+1"]
[EndTime "14:06:49 PDT"]
[Termination "crazy_but_lazy won by resignation"]

1. e4 g6 2. Nc3 Bg7 3. f4 a6 4.
Nf3 b5 5. d4 Bb7 6. Bd3 d6 7.
O-O Nd7 8. Qe1 c5 9. d5 c4 10.
Be2 Qb6+ 11. Kh1 Ngf6 12. Bd1 b4 13. Be3 Qa5 14. e5 bxc3 15. exf6 Bxf6 16. Bd4 Qxd5 17. bxc3 Bxd4 18. cxd4 O-O 19. Qxe7 Bc6 20. c3 Rae8 21. Qh4 Re3 22. Re1 Rfe8 23. Rxe3 Rxe3 24. Rc1 Kg7 25. Qf2 Re8 26. Bc2 Nf6 27. Re1 Rb8 28. Bb1 h6 29. h3 a5 30. f5 g5 31. Nh2 a4 32. Ng4 a3 33. Nxf6 Kxf6 34. Be4 Qxe4 35. Rxe4 Bxe4 36. d5 Rb1+ 37. Kh2 Rb2 38. Qd4+ Kxf5 39. Qxc4 Rxg2+ 40. Kh1 Rxa2+ 41. Kg1 Rb2 42.
Qf1+ Kg6 43. Qa6 a2 44. Qxd6+ f6 0-1

[Event "Late-Titled-Tuesday-Blitz-June-18-2024"]
[Site "Chess.com"]
[Date "2024.06.18"]
[Round "1"]
[White "shirovin"]
[Black "YegoryoCh"]
[Result "0-1"]
[WhiteElo "2122"]
[BlackElo "2565"]
[TimeControl "180+1"]
[EndTime "14:06:49 PDT"]
[Termination "YegoryoCh won on time"]

1. e4 e5 2. Nf3 Nc6 3. Bc4 Nf6 4.
Ng5 d5 5. exd5 Na5 6. Bb5+ c6 7. dxc6 bxc6 8. Qf3 Rb8 9. Ba4 Bd6 10. Nc3 O-O 11.
O-O Bg4 12. Qe3 Nc4 13. Qe1 Nxb2 14. Bxc6 Nc4 15. Bf3 Bf5 16. Nge4 Be7 17. d3 Nxe4 18. Nxe4 Na3 19. Qd2 Qc7 20. c4 Bb4 21. Qg5 Nc2 22. Nf6+ Kh8 23. Qxf5 g6 24. Qh3 Kg7 25. Rb1 Kxf6 26. Qh4+ Ke6 27. Bd5+ Kd6 28. Qf6+ Kc5 29. Rb2 Bc3 30. Rxc2 Rb6 31. Qh4 Bd4 32. Be3 f5 33.
Bxd4+ exd4 34. Qg3 Qe7 0-1

[Event "Late-Titled-Tuesday-Blitz-June-18-2024"]
[Site "Chess.com"]
[Date "2024.06.18"]
[Round "1"]
[White "JG1me"]
[Black "K_A_S_T_O_R"]
[Result "0-1"]
[WhiteElo "2461"]
[BlackElo "2831"]
[TimeControl "180+1"]
[EndTime "14:06:50 PDT"]
[Termination "K_A_S_T_O_R won by resignation"]

1. e4 c5 2. Nf3 d6 3. Bb5+ Nd7 4.
Ba4 Nf6 5. O-O e6 6. Re1 a6 7. c3 b5 8. Bc2 Bb7 9. d4 Be7 10.
Nbd2 Qc7 11. Nf1 O-O 12. Ng3 Rfc8 13. d5 exd5 14. exd5 Bf8 15. Ne4 Nxd5 16. Neg5 N5f6 17. Qd3 g6 18. Bf4 Re8 19. a4 Bc6 20. a5 Ne5 21.
Nxe5 dxe5 22. Bg3 Rad8 23. Qe2 Bd6 24. Ne4 Nxe4 25. Bxe4 Qb7 26. Bh4 Rd7 27. Bf6 Bxe4 28. Qxe4 Qxe4 29. Rxe4 Re6 30. Bh4 f5 31. Re2 h6 32. f3 Bc7 33. Bf2 c4 34. Rae1 Kf7 35. Bg3 Rd5 36. h4 Kf6 37. Ra1 Rd3 38. Kf1 Bd6 39.
Bf2 g5 40. Rae1 Bc7 41. Ra1 f4 42. Re4 Kf5 43. Ba7 g4 44. Rae1 gxf3 45. gxf3 Rxf3+ 46. Kg2 Rd3 47. Kh2 Rd2+ 48. R4e2 Rxe2+ 49. Rxe2 e4 50.
Kg1 f3 51. Rd2 e3 0-1

[Event "Late-Titled-Tuesday-Blitz-June-18-2024"]
[Site "Chess.com"]
[Date "2024.06.18"]
[Round "1"]
[White "jamengrand"]
[Black "FrankDux44"]
[Result "0-1"]
[WhiteElo "2305"]
[BlackElo "2627"]
[TimeControl "180+1"]
[EndTime "14:06:50 PDT"]
[Termination "FrankDux44 won by resignation"]

1. e4 c6 2. Nf3 d5 3. exd5 cxd5 4. Ne5 Nc6 5. d4 e6 6. c3 Nge7 7. Bd3 Nxe5 8. dxe5 Nc6 9. Bf4 Qb6 10. O-O Qxb2 11. Nd2 Qb6 12. Nf3 Be7 13. Rb1 Qc7 14. Re1 Bd7 15. h4 h6 16. h5 Na5 17. Nd4 O-O 18. Qg4 Kh8 19. Bxh6 gxh6 20. Qf3 Qxc3 21.
Qe3 Bg5 22. f4 Nc4 23. Qf2 Bh4 24. Qxh4 Qxd4+ 25. Kh1 Qxd3 26. Qf6+ Kh7 27. Rxb7 Rad8 28. Qe7 Qd2 29. Rg1 Qxf4 30. Rgb1 Nxe5 31. R7b3 Qg5 32. Qd6 Ba4 33. Rh3 Rxd6 0-1

[Event "Late-Titled-Tuesday-Blitz-June-18-2024"]
[Site "Chess.com"]
[Date "2024.06.18"]
[Round "1"]
[White "CombativeWombat"]
[Black "chess94cu"]
[Result "0-1"]
[WhiteElo "2292"]
[BlackElo "2624"]
[TimeControl "180+1"]
[EndTime "14:06:50 PDT"]
[Termination "chess94cu won by checkmate"]

1. e4 Nf6 2. e5 Nd5 3. Nc3 Nxc3 4. dxc3 d5 5. Bd3 c6 6. Be3 e6 7. Qg4 c5 8. Nf3 Nc6 9. h4 h5 10. Qg3 c4 11. Be2 Bd7 12. O-O g5 13. Bxg5 Be7 14. Qf4 Rg8 15. Bxe7 Qxe7 16. Ng5 Rg7 17. Bxh5 O-O-O 18.
Rfe1 Rh8 19. Bxf7 Nd8 20. Qf6 Qxf6 21. exf6 Rxf7 22. Nxf7 Nxf7 23. g3 Rh6 24. f4 Rxf6 25. Kg2 Kc7 26. Rh1 Kd6 27. Rae1 e5 28. fxe5+ Nxe5 29. Rhf1 Rg6 30. Rf4 b5 31. Kh2 Be6 32. Ref1 Ng4+ 33.
Kg1 Ne3 34. R1f3 Nxc2 35. Kf2 b4 36. cxb4 Nxb4 37. a3 Nd3+ 38. Ke3 Nxf4 39. gxf4 Kc5 40. f5 d4+ 41. Ke4 Bd5+ 42. Ke5 Bxf3 43. fxg6 d3 44. g7 Bd5 45. h5 d2 46. h6 d1=Q 47. h7 Qh5+ 48. Kf6 Qf7+ 49. Ke5 Qxg7+ 50. Kf4 Qxh7 51. a4 Qe4+ 52. Kg5 Qg2+ 53. Kf6 Qxb2+ 54. Ke7 Qe2+ 55. Kd7 Qe6+ 56. Kc7 Qc6+ 57. Kd8 Kd6 58. a5 Qd7# 0-1

[Event "Late-Titled-Tuesday-Blitz-June-18-2024"]
[Site "Chess.com"]
[Date "2024.06.18"]
[Round "1"]
[White "Igor_Lysyj"]
[Black "Chaubunagungamaug1"]
[Result "1-0"]
[WhiteElo "2848"]
[BlackElo "2477"]
[TimeControl "180+1"]
[EndTime "14:06:51 PDT"]
[Termination "Igor_Lysyj won by resignation"]

1. d4 d5 2. c4 c6 3. Nf3 Nf6 4.
e3 Bf5 5. cxd5 cxd5 6. Qb3 Qc7 7. Bd2 Nc6 8. Bb5 e6 9. O-O Bd6 10. Bb4 O-O 11. Bxd6 Qxd6 12. Bxc6 bxc6 13. Nbd2 Rfc8 14. Rfc1 c5 15. Qa3 Ne4 16. Nxe4 dxe4 17. Nd2 Rab8 18.
Nb3 Qe7 19. Rxc5 Qg5 20. Qxa7 Ra8 21. Rxc8+ Rxc8 22. Rc1 Rxc1+ 23. Nxc1 h5 24. Qb8+ Kh7 25. Ne2 Bg4 26. Nc3 Qa5 27. Qb7 Bf5 28. Qxf7 Qb4 29. Qxh5+ Kg8 30. Qe2 Qb6 31. h3 Bg6 32. Qd2 Qb4 33. d5 Qd6 34. Qd4 e5 35. Qc4 1-0

[Event "Late-Titled-Tuesday-Blitz-June-18-2024"]
[Site "Chess.com"]
[Date "2024.06.18"]
[Round "1"]
[White "reevecanada"]
[Black "LeonardoL2005"]
[Result "1-0"]
[WhiteElo "2609"]
[BlackElo "2235"]
[TimeControl "180+1"]
[EndTime "14:06:51 PDT"]
[Termination "reevecanada won by resignation"]

1. Nf3 Nf6 2. b3 g6 3. Bb2 Bg7 4. e4 d6 5. Qe2 O-O 6. d4 Nc6 7.
Nbd2 Bg4 8. O-O-O e5 9. d5 Nd4 10. Qe3 Nxf3 11. gxf3 Bd7 12. f4 Nh5 13. fxe5 dxe5 14.
Nc4 Re8 15. Be2 Nf4 16. Kb1 Bb5 17. a4 Bxc4 18. Bxc4 Qd6 19. h4 h5 20. Bb5 Red8 21.
c4 Bf8 22. Rhg1 a6 23. c5 Qxc5 24. Qxc5 Bxc5 25. Bxe5 Nh3 26. Bc4 Nxg1 27. Rxg1 Bd6 28. Bf6 Re8 29. Re1 Be7 30. Bd4 Bxh4 31. e5 Rad8 32. Rg1 Re7 33. d6 cxd6 34. Rxg6+ Kh7 35. Rxd6 Rxd6 36. exd6 Rd7 37. Bd3+ Kh6 38. Be5 Kg5 39. f4+ Kg4 40. Be2+ Kf5 41. Bd3+ Ke6 42. Bc4+ Kf5 43. Bd3+ Kg4 44. Be2+ Kg3 45. f5+ Kf2 46.
Bxh5 Bd8 47. f6 b5 48. Bg4 Rb7 49. Ka2 Ke3 50. Bc8 Rb8 51. d7 Rb6 52. Bb2 b4 53. a5 Rb5 54. Kb1 Rxa5 55. Bc1+ Kd3 56. Bb2 Rf5 57. Bxa6+ Kd2 58. Bc4 Rf1+ 59. Bxf1 Ke3 60.
Bc4 Kf4 61. Bxf7 Kf5 62. Bc4 1-0

[Event "Late-Titled-Tuesday-Blitz-June-18-2024"]
[Site "Chess.com"]
[Date "2024.06.18"]
[Round "1"]
[White "Winner_7777"]
[Black "Millerkallpa"]
[Result "0-1"]
[WhiteElo "2562"]
[BlackElo "2215"]
[TimeControl "180+1"]
[EndTime "14:06:51 PDT"]
[Termination "Millerkallpa won on time"]

1. d4 d5 2. c4 e6 3. Nc3 Nf6 4. cxd5 Nxd5 5. e4 Nxc3 6. bxc3 c5 7. Nf3 cxd4 8. cxd4 Bb4+ 9. Bd2 Bxd2+ 10. Qxd2 O-O 11. Bc4 b6 12. O-O Bb7 13. Rfe1 Nd7 14. Rad1 Rc8 15. Bb3 Qf6 16. Ba4 Bc6 17. Bxc6 Rxc6 18. d5 exd5 19.
Qxd5 Nc5 20. e5 Qe6 21. Qd2 Qg4 22. h3 Qa4 23. Nd4 Rc7 24. Nf5 Ne6 25. Re3 Qc2 26. Qd6 Qxf5 27. Rf3 Qc2 28. Rd5 Qc6 29. Qa3 Qxd5 0-1

[Event "Late-Titled-Tuesday-Blitz-June-18-2024"]
[Site "Chess.com"]
[Date "2024.06.18"]
[Round "1"]
[White "PNEPaul"]
[Black "malakismayil"]
[Result "0-1"]
[WhiteElo "1974"]
[BlackElo "2543"]
[TimeControl "180+1"]
[EndTime "14:06:52 PDT"]
[Termination "malakismayil won by resignation"]

1. e4 e5 2. Nf3 Nc6 3. Bc4 Bc5 4. b4 Bxb4 5. c3 Bd6 6. d4 Nf6 7. Bg5 h6 8. Bh4 g5 9. Nxg5 hxg5 10. Bxg5 Rg8 11. h4 Be7 12. f4 exd4 13. e5 Ne4 14. Bxf7+ Kxf7 15. Qh5+ Ke6 16. Qg4+ Kd5 17. c4+ Kc5 18.
Qf3 a6 19. Qxe4 Kb6 20. Nd2 Ka7 21. Nb3 Bxg5 22. hxg5 Qf8 23. O-O b6 24. Rad1 Bb7 25.
Qd3 Re8 26. Nxd4 Qc5 27. Rf2 d6 28. Nxc6+ Qxc6 29. exd6 cxd6 30. Qxd6 Re1+ 31. Rxe1 Qxd6 32. Rfe2 Qxf4 0-1

[Event "Late-Titled-Tuesday-Blitz-June-18-2024"]
[Site "Chess.com"]
[Date "2024.06.18"]
[Round "1"]
[White "gabduschew"]
[Black "EmmaChess"]
[Result "0-1"]
[WhiteElo "2339"]
[BlackElo "2642"]
[TimeControl "180+1"]
[EndTime "14:06:53 PDT"]
[Termination "EmmaChess won by checkmate"]

1. e4 d6 2. d4 Nf6 3. Nc3 e5 4. Nf3 Nbd7 5. Bc4 Be7 6. O-O O-O 7. a4 c6 8. Qe2 exd4 9. Nxd4 Re8 10. Rd1 Bf8 11. Ba2 d5 12. f3 dxe4 13. Nxe4 Nxe4 14.
fxe4 Qh4 15. Rf1 Ne5 16. Bf4 Bc5 17. c3 Bg4 18. Qc2 Bh5 19. Bg3 Qg5 20. Kh1 Bg6 21. Nf5 Rad8 22. b4 Bb6 23. a5 Bc7 24. Bh4 Qd2 25. Qb3 Rd3 26. Ne7+ Rxe7 27. Bxe7 Bxe4 28. Rg1 Rh3 29. Qd1 Rxh2+ 30. Kxh2 Nf3+ 31. Kh3 Bf5+ 32. g4 Qh2# 0-1

[Event "Late-Titled-Tuesday-Blitz-June-18-2024"]
[Site "Chess.com"]
[Date "2024.06.18"]
[Round "1"]
[White "osielchesslover2011"]
[Black "MKlose11"]
[Result "0-1"]
[WhiteElo "2167"]
[BlackElo "2575"]
[TimeControl "180+1"]
[EndTime "14:06:54 PDT"]
[Termination "MKlose11 won by checkmate"]

1. e4 e6 2. d4 d5 3. Nd2 Be7 4. Ngf3 Nf6 5. e5 Nfd7 6. Bd3 c5 7. c3 Nc6 8. O-O a5 9. Re1 cxd4 10. cxd4 Qb6 11.
Qa4 Qb4 12. Qc2 Qb6 13. Qa4 Nf8 14. Nb3 Bd7 15. Bb5 Nxe5 16. Bxd7+ Nexd7 17. Ne5 Qb4 18. Qxb4 Bxb4 19. Bd2 Bxd2 20. Nxd2 Nxe5 21. dxe5 Ng6 22. Rac1 Kd7 23. Nb3 b6 24. g3 Rhc8 25. f4 Rxc1 26. Nxc1 Rc8 27. Nd3 Rc2 28. h4 Ne7 29. g4 Ng6 30. h5 Ne7 31. a3 h6 32. Kf1 Rd2 33. Re3 d4 34. Rf3 Nd5 35. Ke1 Rg2 36. g5 Ne3 37. gxh6 gxh6 38. Rf2 Rg3 39. Ke2 Kc6 40. Rf3 Rg2+ 41. Rf2 Rg4 42. Rh2 Kd5 43. Nf2 Rxf4 44. Nd3 Rg4 45. Rf2 Rg2 46. Rxg2 Nxg2 47. Kf3 Nh4+ 48.
Kf4 Nf5 49. b3 a4 50. Nf2 axb3 51. Nd1 d3 52. Nb2 Kd4 53. Nd1 d2 54. Nb2 Kc3 55.
Nd1+ Kc2 56. Nf2 d1=Q 57. Nxd1 Kxd1 58. Ke4 b2 59. Kd3 b1=Q+ 60. Kc4 Qe4+ 61. Kb3 Qd5+ 62. Kb4 Qc5+ 63. Ka4 Qc4# 0-1

[Event "Late-Titled-Tuesday-Blitz-June-18-2024"]
[Site "Chess.com"]
[Date "2024.06.18"]
[Round "1"]
[White "rdarruda"]
[Black "JEHUBNER"]
[Result "1-0"]
[WhiteElo "2562"]
[BlackElo "2102"]
[TimeControl "180+1"]
[EndTime "14:06:54 PDT"]
[Termination "rdarruda won by resignation"]

1. Nf3 c6 2. d4 d5 3. Bf4 Nf6 4. Nbd2 Nbd7 5. e3 e6 6. Bd3 Be7 7. O-O h6 8. e4 dxe4 9. Nxe4 Nxe4 10. Bxe4 Nf6 11. Bd3 O-O 12. c3 Nd5 13. Bg3 Nf6 14.
Re1 b6 15. Qe2 Bb7 16. Rad1 Qc8 17. Ne5 Nd7 18. Qe4 f5 19. Qe3 Bg5 20. Bf4 Bxf4 21. Qxf4 Nxe5 22. Rxe5 Rf6 23. Bc4 Qd7 24. Rde1 Re8 25.
Rxf5 Rxf5 26. Qxf5 Kh8 27. Rxe6 Bc8 28. Rxe8+ Qxe8 29.
Qb1 b5 30. Bd3 Qe6 31. h3 Bb7 32. a3 Qe7 33. Be4 a5 34. Qc2 b4 35. axb4 axb4 36.
c4 c5 37. Bxb7 Qxb7 38. dxc5 Qe7 39. g3 Qe1+ 40. Kg2 Qe5 41. c6 Qd6 42. Qe4 Qc5 43. Qd5 Qe7 44. b3 Kh7 45. h4 Kh8 46. h5 Qe8 47. c7 1-0

[Event "Late-Titled-Tuesday-Blitz-June-18-2024"]
[Site "Chess.com"]
[Date "2024.06.18"]
[Round "1"]
[White "Rsnr"]
[Black "Squirlolz"]
[Result "1-0"]
[WhiteElo "2897"]
[BlackElo "2489"]
[TimeControl "180+1"]
[EndTime "14:06:55 PDT"]
[Termination "Rsnr won by checkmate"]

1. b3 b6 2. Bb2 Bb7 3. Nf3 e6 4.
g3 f5 5. Bg2 Nf6 6. O-O g6 7.
c4 Bg7 8. d4 O-O 9. Nc3 d6 10.
Re1 Nc6 11. Ng5 Qd7 12. d5 exd5 13. cxd5 Ne5 14. Ne6 Rf7 15. Nxg7 Rxg7 16. e4 fxe4 17. Nxe4 Nxe4 18. Rxe4 Re8 19. f4 Qb5 20. fxe5 Bxd5 21. Re1 Bxg2 22. Kxg2 dxe5 23. Qe2 Qa5 24. Qc4+ Kh8 25.
Re2 Rge7 26. Rae1 h5 27. Bc3 Qa3 28. Rxe5 Kh7 29. b4 Rxe5 30. Qf7+ Kh6 31. Bxe5 Rxe5 32. Qf4+ Rg5 33. Qf8+ Kh7 34. Re7# 1-0

[Event "Late-Titled-Tuesday-Blitz-June-18-2024"]
[Site "Chess.com"]
[Date "2024.06.18"]
[Round "1"]
[White "komogro"]
[Black "maurovargas01"]
[Result "0-1"]
[WhiteElo "2526"]
[BlackElo "1958"]
[TimeControl "180+1"]
[EndTime "14:06:55 PDT"]
[Termination "maurovargas01 won by checkmate"]

1. e4 c6 2. c4 d5 3. cxd5 cxd5 4. exd5 Qxd5 5. Nc3 Qa5 6. Bc4 Nf6 7. Nf3 Bg4 8. h3 Bh5 9. O-O e6 10. d4 Bd6 11.
Be3 O-O 12. Be2 Nc6 13. a3 Qc7 14. Nb5 Qd7 15. Nxd6 Qxd6 16. Rc1 Nd5 17. Bg5 h6 18. Bh4 Bg6 19. Bg3 Qd7 20. Ne5 Qe8 21. Nxc6 bxc6 22. Qa4 Ne7 23. Bf3 Rc8 24. Qxa7 Nf5 25. Be5 f6 26. Bf4 Qd7 27. Rfd1 Qxa7 28. Bxc6 Nxd4 29.
Be3 e5 30. Bd5+ Bf7 31. Bxf7+ Kxf7 32. Kh2 Rxc1 33. Rxc1 Qb7 34. b4 Rc8 35. Rd1 Nf5 36. Bc5 Rxc5 37. bxc5 Qc7 38. Rc1 e4+ 39. Kg1 Nd4 40.
Rc4 Ne2+ 41. Kf1 Nf4 42. c6 f5 43. h4 Qd6 44. Kg1 Qd1+ 45. Kh2 Qg4 46. g3 Qh3+ 47.
Kg1 Qg2# 0-1

[Event "Late-Titled-Tuesday-Blitz-June-18-2024"]
[Site "Chess.com"]
[Date "2024.06.18"]
[Round "1"]
[White "MarceloPlaya"]
[Black "RealPerangel"]
[Result "0-1"]
[WhiteElo "2416"]
[BlackElo "2751"]
[TimeControl "180+1"]
[EndTime "14:06:59 PDT"]
[Termination "RealPerangel won on time"]

1. e4 d5 2. exd5 Qxd5 3. Nc3 Qa5 4. Bc4 Nf6 5. d4 Bg4 6. Ne2 Nc6 7. O-O O-O-O 8. f3 Be6 9. Bxe6+ fxe6 10. Qe1 Nb4 11. Ne4 Qb6 12. Qc3 e5 13. a3 Nc6 14.
Nc5 exd4 15. Qc4 Rd5 16. b4 e5 17. Bg5 Bxc5 18. Bxf6 d3+ 19. bxc5 Qxc5+ 20. Qxc5 Rxc5 21. Bxg7 dxe2 22. Bxh8 exf1=Q+ 23. Kxf1 Rxc2 24. h4 Kd7 25. h5 Ke6 26. h6 a5 27. a4 Kf5 28. Rd1 Nd4 29. g3 Nxf3 30. Rd7 e4 31. Rxh7 e3 32. Rf7+ Kg4 33. Rf4+ Kxg3 0-1

[Event "Late-Titled-Tuesday-Blitz-June-18-2024"]
[Site "Chess.com"]
[Date "2024.06.18"]
[Round "1"]
[White "MaestroCheck"]
[Black "EvilMorty23"]
[Result "0-1"]
[WhiteElo "2611"]
[BlackElo "2318"]
[TimeControl "180+1"]
[EndTime "14:07:00 PDT"]
[Termination "EvilMorty23 won by checkmate"]

1. e4 e6 2. d4 d5 3. Nd2 Nf6 4. e5 Nfd7 5. Bd3 c5 6. c3 Nc6 7. Ne2 cxd4 8. cxd4 f6 9. exf6 Qxf6 10. Nf3 h6 11.
O-O Bd6 12. Ng3 O-O 13. a3 Rd8 14. Be3 Nf8 15. Rc1 Bd7 16. Re1 Be8 17. b4 a6 18. Qd2 Bg6 19. Be2 Rac8 20. Rc3 Ne7 21. Rec1 Rxc3 22. Rxc3 Nf5 23. b5 Nxe3 24. fxe3 axb5 25.
Bxb5 Nh7 26. Bd3 Ng5 27. Bxg6 Nxf3+ 28. gxf3 Qxg6 29. f4 h5 30. Qg2 Ra8 31. f5 Qg4 32. fxe6 h4 33. Nf1 Qxe6 34. Rb3 h3 35. Qf3 Rf8 36.
Qe2 Qg6+ 37. Kh1 Qe4+ 38. Kg1 Rf6 39. Rxb7 Rg6+ 40. Ng3 Bxg3 41. hxg3 Rxg3+ 42. Kf1 Qh1+ 43. Kf2 Qg1# 0-1

[Event "Late-Titled-Tuesday-Blitz-June-18-2024"]
[Site "Chess.com"]
[Date "2024.06.18"]
[Round "1"]
[White "CruzWilliam"]
[Black "pouya21"]
[Result "0-1"]
[WhiteElo "2451"]
[BlackElo "2807"]
[TimeControl "180+1"]
[EndTime "14:07:03 PDT"]
[Termination "pouya21 won on time"]

1. d4 Nf6 2. c4 a6 3. Nc3 c5 4.
d5 b5 5. cxb5 axb5 6. e4 b4 7.
Nb5 d6 8. Bf4 Nbd7 9. Nf3 Nh5 10. Be3 g6 11. Be2 Bg7 12. Qd2 Nhf6 13. Qc2 Ng4 14. Bf4 O-O 15. O-O Ba6 16. a4 bxa3 17. Rxa3 Qb6 18. Rfa1 Bb7 19. Nd2 Rxa3 20. Rxa3 Nge5 21.
Bg3 c4 22. Nc3 Rc8 23. Ra4 Nc5 24. Nxc4 Nxc4 25. Rxc4 Ba6 26. Na4 Qa7 27. Rb4 Bxe2 28. Nxc5 Rxc5 0-1

[Event "Late-Titled-Tuesday-Blitz-June-18-2024"]
[Site "Chess.com"]
[Date "2024.06.18"]
[Round "1"]
[White "chess_blitz00"]
[Black "ameetghasi100"]
[Result "0-1"]
[WhiteElo "2412"]
[BlackElo "2746"]
[TimeControl "180+1"]
[EndTime "14:07:03 PDT"]
[Termination "ameetghasi100 won by checkmate"]

1. Nf3 g6 2. c4 Bg7 3. Nc3 Nf6 4. d4 O-O 5. g3 d6 6. Bg2 a6 7. O-O Nc6 8. b3 Rb8 9. a4 Nb4 10. Bb2 Bf5 11. Ne1 e5 12. e4 Bg4 13.
f3 exd4 14. Nd5 Nbxd5 15. cxd5 Bd7 16. Bxd4 c6 17. dxc6 Bxc6 18. a5 Qe7 19. Nd3 Bb5 20. Re1 Rbc8 21. Nf4 Rfd8 22. Ra2 Bh6 23. Rd2 Bxf4 24.
gxf4 Nh5 25. Be3 Qh4 26. f5 d5 27. Bf2 Qg5 28. h4 Qf6 29. Rxd5 Nf4 30. Rxd8+ Rxd8 31. Qa1 Qc6 32. Rd1 Re8 33. Be3 Nh5 34. Bh6 gxf5 35.
Bg5 h6 36. Bf4 Nxf4 37. exf5 Qc5+ 38. Kh1 Qf2 39. Rg1 Qxh4+ 40. Bh3+ Ng6 41. fxg6 Qxh3# 0-1

[Event "Late-Titled-Tuesday-Blitz-June-18-2024"]
[Site "Chess.com"]
[Date "2024.06.18"]
[Round "1"]
[White "Andrii_Prydun"]
[Black "Lennis93"]
[Result "0-1"]
[WhiteElo "2367"]
[BlackElo "2670"]
[TimeControl "180+1"]
[EndTime "14:07:03 PDT"]
[Termination "Lennis93 won by resignation"]

1. e4 c6 2. d4 d5 3. e5 Bf5 4. Bd3 Bxd3 5. cxd3 e6 6. Nc3 Ne7 7. Nf3 Nf5 8. Ne2 Bb4+ 9. Kf1 Be7 10. g3 Nd7 11. h4 Qb6 12. Kg2 a5 13. h5 a4 14. g4 Nh6 15. Kg3 f6 16. Nf4 c5 17. Be3 cxd4 18. Bxd4 Bc5 19. Bxc5 Nxc5 20. Qe2 O-O 21. Rae1 f5 22. g5 Ng4 23. Nd4 Ne4+ 24. dxe4 Qxd4 25. Nxe6 Qxe5+ 26. f4 Qxe6 27. exf5 Qxf5 28. Qxg4 Qd3+ 29. Kh4 Qc4 30. Re7 Rxf4 31. Rg1 Raf8 32. Rxb7 Rxg4+ 33. Rxg4 Rf4 34. Rb8+ Kf7 35. g6+ hxg6 36. hxg6+ Ke6 37. Rb6+ Kd7 38. Rb7+ Kc6 0-1